 Dungeon Crawl Stone Soup version 0.24.0-37-gcf1ca852f1 (webtiles) character file.

Game seed: 4032396555290734063, levelgen mode: deterministic

60758 MisterFreud the Transmogrifier (level 14, -18/84 HPs)
             Began as a Felid Enchanter on Dec 4, 2019.
             Was a Priest of Uskayaw.
             Killed from afar by a thorn hunter (22 damage)
             ... with a volley of thorns
             ... on level 3 of the Swamp on Dec 5, 2019.
             The game lasted 02:18:55 (44511 turns).

MisterFreud the Transmogrifier (Felid Enchanter)   Turns: 44511, Time: 02:18:55

Health: -18/84     AC: 26    Str:  6    XL:     14   Next: 58%
Magic:  28/31      EV: 38    Int: 19    God:    Uskayaw [***...]
Gold:   850        SH:  0    Dex: 24    Spells: 20/37 levels left
                                        Lives:  0   Deaths: 3

rFire    + . .     SeeInvis +     - Unarmed
rCold    . . .     Gourm    .   (shield unavailable)
rNeg     + . .     Faith    +   (armour unavailable)
rPois    ∞         Spirit   .   (helmet unavailable)
rElec    +         Reflect  .   (cloak unavailable)
rCorr    .         Harm     .   (gloves unavailable)
MR       ++...                  (boots unavailable)
Stlth    +++.......             H - amulet of faith
HPRegen  0.24/turn              m - ring of protection from fire
MPRegen  0.22/turn              G - ring of wizardry

@: agile, statue-form, very slow
A: very small, no armour, no weapons or thrown items, stealth, claws 1, fangs 3,
see invisible, carnivore, slow metabolism 1, sharp paws
a: End Transformation, Stomp, Line Pass, Renounce Religion


You were on level 3 of the Swamp.
You worshipped Uskayaw.
Uskayaw was aware of your devotion.
You were near starving.
You were a stone statue.
You visited 4 branches of the dungeon, and saw 26 of its levels.
You also visited: Ossuary.

You collected 2286 gold pieces.
You spent 1436 gold pieces at shops.

Inventory:

Jewellery
 m - a ring of protection from fire (left paw)
 n - an uncursed amulet of magic regeneration
 p - an uncursed ring of flight
 u - the amulet "Wyfret" {Spirit Str+8}
   (You acquired it on level 2 of the Lair of Beasts)

   [amulet of guardian spirit]

   It causes incoming damage to be split between your health and magic.
   It affects your strength (+8).
 G - a ring of wizardry (right paw)
 H - an amulet of faith (around neck)
Wands
 i - a wand of disintegration (39)
 v - a wand of paralysis (16)
 x - a wand of iceblast (10)
 y - a wand of flame (50)
 z - a wand of random effects (55)
Scrolls
 e - 6 scrolls of fog
 h - 5 scrolls of amnesia
 k - 5 scrolls of teleportation
 l - 6 scrolls of identify
 q - 4 scrolls of magic mapping
 s - 16 scrolls of remove curse
 D - 4 scrolls of holy word
Potions
 a - 3 potions of mutation
 c - 3 potions of agility
 d - 4 potions of haste
 f - 2 potions of ambrosia
 g - 3 potions of magic
 j - 4 potions of flight
 o - a potion of invisibility
 r - 4 potions of cancellation
 t - 5 potions of brilliance
 w - 4 potions of might
 A - 5 potions of berserk rage
 B - 2 potions of heal wounds
 E - a potion of resistance
 F - 6 potions of curing
Miscellaneous
 C - a fan of gales
Comestibles
 b - 33 rations


   Skills:
 + Level 9.8 Fighting
 + Level 13.7 Dodging
 - Level 8.0 Stealth
 - Level 8.2 Unarmed Combat
 - Level 12.0 Spellcasting
 - Level 8.4 Hexes
 - Level 14.0 Transmutations
 - Level 12.0 Earth Magic
 - Level 10.0 Invocations


You had 20 spell levels left.
You knew the following spells:

 Your Spells              Type           Power        Failure   Level  Hunger
a - Statue Form           Tmut/Erth      ######...    1%          6    ######.
b - Ensorcelled Hibernat  Hex/Ice        ####..       1%          2    None
c - Confuse               Hex            #####...     1%          3    None
d - Regeneration          Chrm/Necr      ##........   8%          3    None
e - Dazzling Spray        Conj/Hex       ####..       1%          3    None

Your spell library contained the following spells:

 Spells                   Type           Power        Failure   Level  Hunger
 Beastly Appendage        Tmut           ######       0%          1    None
 Corona                   Hex            #####..      1%          1    None
 Slow                     Hex            #####...     1%          2    None
 Sticks to Snakes         Tmut           ######..     1%          2    None
 Inner Flame              Hex/Fire       ####....     1%          3    None
 Spider Form              Tmut/Pois      #####.....   1%          3    None
 Tukima's Dance           Hex            #####...     1%          3    None
 Ice Form                 Ice/Tmut       #####...     1%          4    ##.....
 Leda's Liquefaction      Hex/Erth       ######....   1%          4    ##.....
 Blade Hands              Tmut           ######....   1%          5    ####...
 Flame Tongue             Conj/Fire      ##...        2%          1    None
 Infusion                 Chrm           ##..         2%          1    None
 Magic Dart               Conj           ##..         2%          1    None
 Sting                    Conj/Pois      ##..         2%          1    None
 Blink                    Tloc           N/A          3%          2    None
 Call Imp                 Summ           ##......     3%          2    None
 Poisonous Vapours        Pois/Air       ##....       3%          2    None
 Shroud of Golubria       Chrm/Tloc      ##....       3%          2    None
 Song of Slaying          Chrm           ##......     3%          2    None
 Throw Flame              Conj/Fire      ##....       3%          2    None
 Conjure Flame            Conj/Fire      ##......     8%          3    None
 Mephitic Cloud           Conj/Pois/Air  ##......     8%          3    None
 Bolt of Magma            Conj/Fire/Erth ####......   13%         5    ####...
 Olgreb's Toxic Radiance  Pois           ##......     24%         4    ##.....
 Sticky Flame             Conj/Fire      ##......     24%         4    ##.....
 Iron Shot                Conj/Erth      ####......   30%         6    ######.
 Fireball                 Conj/Fire      ##........   52%         5    ####...
 Venom Bolt               Conj/Pois      ##........   52%         5    ####...
 Shatter                  Erth           ######....   100%        9    #######
 Spectral Weapon          Hex/Chrm       Unusable     N/A         3    N/A

Dungeon Overview and Level Annotations

Branches:
Dungeon (15/15)            Temple (0/1) D:7            Lair (6/6) D:9
  Swamp (3/4) Lair:4       Spider (0/4) Lair:4        Slime (0/5) Lair:5
    Orc (2/2) D:10            Elf (0/3) Orc:2        Vaults (0/5) D:14
 Depths (0/5) D:15        Ossuary (visited)

Altars:
Elyvilon
Kikubaaqudgha
Makhleb
Okawaru
Ru
Uskayaw
Xom
Zin
The Shining One
Beogh
Jiyva

Shops:
D:6 [   D:7 ?   D:9 *   D:12 !   Orc:1 [*   Orc:2 ==[!

Annotations:
D:5 3 runed translucent doors, coffeespoons's ghost, novice TrMo
D:14 1 runed translucent door
Lair:1 2 transporters, Keadol's ghost, journeyman DrCj
Lair:5 2 runed translucent doors, Iamsoldier's ghost, journeyman GrFi


Innate Abilities, Weirdness & Mutations

You cannot wear armour.
You are incapable of wielding weapons or throwing items.
Your paws allow you to move quietly. (Stealth)
You have sharp claws.
You have razor-sharp teeth.
You have supernaturally acute eyesight. (SInv)
You are carnivorous and can eat meat at any time.
((You cover ground quickly.))
((Your thick and shaggy fur keeps you warm. (AC +3, rC+)))
You have a slow metabolism.
Your sharp claws are effective at attacking unaware monsters.


Message History

Uskayaw will force your foes to share their pain.
Uskayaw links your audience in an emotional bond!
Unknown command.
Unknown command.
Unknown command.
You stomp with the beat, sending a shockwave through the revelers around you!
You hear a splash. x2
You kill the spriggan!
The hornet is severely wounded.
The thorn hunter is severely damaged.
You kill the hornet!
The alligator is moderately wounded.
You feel somewhat more hungry. The thorn hunter completely misses you.
The thorn hunter misses you.
The spriggan rider hits you from afar with a +0 spear!
* * * LOW HITPOINT WARNING * * *
The alligator bites you but does no damage.
The alligator misses you.
The thorn hunter fires a volley of thorns at you.
The volley of thorns hits you!!
You die...

..≈≈≈.≈..≈≈≈♣
.....≈..≈...♣♣....≈
.♣♣♣≈§♣♣♣♣..♣(.≈≈. ≈♣
♣♣♣♣ ♣♣♣♣.≈≈≈♣ ♣♣ ♣♣
♣♣♣♣♣♣.≈.♣ .♣
♣≈♣♣§♣≈≈(≈≈.♣♣ ≈♣
♣♣♣≈......≈≈≈≈♣ ≈♣
♣♣♣♣♣≈...≈≈.≈≈≈≈≈t♣≈≈.♣
♣....≈..≈≈≈≈≈≈.†8)≈≈≈≈♣
..≈≈≈≈.≈≈≈≈≈.≈♣♣♣f≈≈u.≈.
.≈≈≈≈≈♣♣.≈≈≈≈♣♣ i≈≈≈...
≈≈≈≈≈≈♣♣.≈≈≈≈♣ .≈≈≈≈..
≈≈≈≈..≈♣..≈≈.♣ ≈≈≈≈u..
♣♣.≈≈≈♣♣♣♣..♣♣ ≈≈≈u.♣♣
♣♣.≈≈♣♣ ♣♣♣♣ ≈≈≈§♣♣
♣♣♣♣♣ ≈≈≈.♣ .


You could see a thorn hunter, an alligator, 3 ugly things and a spriggan rider.

Vanquished Creatures
  Kirke (D:14)
  A stone giant (Orc:2)
  Josephine (D:14)
  A great orb of eyes (D:15)
  Erolcha (D:13)
  Fannar (Orc:1)
  9 hydras
  2 centaur warriors
  2 shambling mangroves
  2 ogre magi (Orc:2)
  A catoblepas (Lair:6)
  12 two-headed ogres
  12 alligators
  2 death yaks (Lair:6)
  Urug (D:13)
  2 orc high priests (Orc:1)
  2 swamp dragons (Swamp:1)
  2 deep trolls
  A wizard (D:14)
  2 unseen horrors
  A spriggan druid (Swamp:2)
  2 wolf spider zombies (D:14)
  A phantasmal warrior (D:14)
  An orc knight (D:15)
  2 deep elf magi (D:14)
  22 ugly things
  7 manticores
  6 cyclopes
  9 elephants
  Joseph (D:8)
  A molten gargoyle (Lair:5)
  A torpor snail (Lair:4)
  7 black mambas
  A gargoyle (D:13)
  Psyche (D:8)
  17 spiny frogs
  10 komodo dragons
  A kobold demonologist (D:13)
  3 rime drakes
  An efreet (D:15)
  A polar bear (Lair:6)
  4 tyrant leeches
  12 trolls
  16 hornets
  6 bog bodies
  17 slime creatures
  A hippogriff (shapeshifter) (D:14)
  6 hippogriffs
  21 blink frogs
  2 shadows
  Sigmund (D:4)
  A redback (Lair:4)
  5 spriggans
  3 water elementals
  A vampire (D:14)
  44 yaks
  5 wyverns
  8 hogs
  4 basilisks
  4 wraiths (D:14)
  2 hungry ghosts
  A human (D:8)
  17 vampire mosquitoes
  8 swamp worms
  11 wargs
  9 water moccasins
  10 swamp drakes
  7 porcupines
  Purgy (D:4)
  2 black bears
  28 orc warriors
  A hornet zombie (D:9)
  4 phantoms
  2 ice beasts
  4 sky beasts
  26 ogres
  3 necrophages
  13 wolves
  17 centaurs
  11 crocodiles
  2 elf zombies (Ossuary)
  4 big kobolds
  A wyvern zombie (D:8)
  17 bullfrogs
  2 gnoll sergeants
  3 scorpions
  10 killer bees
  5 wights
  2 vampire bats (Orc:2)
  5 howler monkeys
  8 electric eels
  A bullfrog zombie (D:5)
  5 centaur zombies
  4 crimson imps
  6 centaur skeletons
  2 jellies
  3 bullfrog skeletons
  2 gnoll shamans
  17 orc priests
  8 hounds
  An iguana (D:14)
  36 orc wizards
  15 worker ants
  Terence (D:3)
  2 mummies (Ossuary)
  A howler monkey zombie (D:6)
  Robin (D:2)
  28 gnolls
  A worker ant zombie (D:5)
  14 adders
  2 shadow imps
  12 white imps (Lair:1)
  An adder zombie (Ossuary)
  4 adder skeletons
  2 dart slugs (D:2)
  2 worms (D:4)
  6 leopard geckos
  120 orcs
  16 bats
  9 giant cockroaches
  13 goblins
  12 hobgoblins
  12 jackals
  29 kobolds
  7 quokkas
  3 ball pythons
  7 frilled lizards
  A goblin zombie (Ossuary)
  12 hobgoblin zombies (Ossuary)
  2 jackal zombies (Ossuary)
  9 kobold zombies (Ossuary)
  A leopard gecko skeleton (D:4)
  7 orc zombies (Ossuary)
  A quokka skeleton (D:6)
  4 rats
  A rat zombie (Ossuary)
994 creatures vanquished.

Vanquished Creatures (others)
  A sky beast (D:14)
  6 fungi
  55 plants
62 creatures vanquished.

Grand Total: 1056 creatures vanquished

Notes
Turn   | Place    | Note
-------+----------+-------------------------------------------
     0 | D:1      | MisterFreud the Felid Enchanter began the quest for the
                  | Orb.
     0 | D:1      | Reached XP level 1. HP: 7/7 MP: 4/4
     6 | D:1      | Noticed an anaconda
     6 | D:1      | Noticed a crocodile
     6 | D:1      | Noticed a swamp worm
     6 | D:1      | Noticed a hog
     6 | D:1      | Noticed a rime drake
    40 | D:1      | Reached skill level 1 in Fighting
   115 | D:1      | Reached XP level 2. HP: 9/13 MP: 1/6
   333 | D:1      | Learned a level 2 spell: Ensorcelled Hibernation
  1248 | D:2      | Reached XP level 3. HP: 10/16 MP: 7/7
  1829 | D:2      | Learned a level 3 spell: Confuse
  2737 | D:2      | Reached XP level 4. HP: 22/22 MP: 8/8
  2971 | D:2      | Noticed Robin
  3020 | D:2      | Killed Robin
  3574 | D:3      | Noticed an orc warrior
  3874 | D:3      | Found a white marble altar of Elyvilon.
  4281 | D:3      | Noticed Terence
  4354 | D:3      | Killed Terence
  4354 | D:3      | Reached XP level 5. HP: 25/25 MP: 4/9
  5246 | D:2      | HP: 1/25 [orc wizard/+0 dagger (4)]
  5402 | D:4      | Noticed Sigmund
  5595 | D:4      | Found a shimmering altar of Xom.
  5724 | D:4      | Gained mutation: You are covered in thick fur. (AC +2)
                  | [Felid growth]
  5724 | D:4      | Reached XP level 6. HP: 12/28 MP: 5/10
  6040 | D:4      | Found an ancient bone altar of Kikubaaqudgha.
  6123 | D:5      | Entered Level 5 of the Dungeon
  6190 | D:5      | Found a runed translucent gate.
  6190 | D:5      | Found a runed translucent gate.
  6190 | D:5      | Found a runed translucent gate.
  6233 | D:5      | Found a sand-covered staircase.
  6288 | Ossuary  | Entered an ossuary
  6332 | Ossuary  | Reached skill level 5 in Dodging
  7280 | Ossuary  | Reached skill level 5 in Stealth
  7289 | Ossuary  | Reached XP level 7. HP: 20/32 MP: 2/11
  7566 | D:5      | Found a sacrificial altar of Ru.
  8096 | D:4      | Reached skill level 5 in Unarmed Combat
  8529 | D:4      | Noticed Purgy
  8685 | D:4      | Killed Sigmund
  8685 | D:4      | Reached XP level 8. HP: 36/36 MP: 9/12
  8813 | D:4      | Killed Purgy
  8813 | D:4      | Reached skill level 5 in Hexes
  9238 | D:5      | Noticed coffeespoons's ghost (novice TrMo)
 10396 | D:6      | Reached XP level 9. HP: 32/39 MP: 11/16
 10514 | D:6      | Found Posche Hyapn's Armour Shop.
 10521 | D:6      | Found a burning altar of Makhleb.
 10521 | D:6      | Noticed a blizzard demon
 10610 | D:7      | Reached skill level 5 in Fighting
 10796 | D:7      | Learned a level 6 spell: Statue Form
 10977 | D:7      | Found a white marble altar of Elyvilon.
 10977 | D:7      | Found an iron altar of Okawaru.
 10977 | D:7      | Found a hide-covered altar of Uskayaw.
 10994 | D:7      | Became a worshipper of Uskayaw the Reveler
 11102 | D:7      | Found a staircase to the Ecumenical Temple.
 11118 | D:7      | Reached * piety under Uskayaw
 11124 | D:7      | Reached ** piety under Uskayaw
 11246 | D:7      | Found Archureh's Magic Scroll Shop.
 11254 | D:7      | Bought a scroll of identify for 20 gold pieces
 11254 | D:7      | Bought a scroll of identify for 20 gold pieces
 11254 | D:7      | Bought a scroll of teleportation for 30 gold pieces
 11254 | D:7      | Bought a scroll of fear for 35 gold pieces
 11273 | D:7      | Reached skill level 10 in Dodging
 11273 | D:7      | Reached skill level 5 in Transmutations
 11273 | D:7      | Reached XP level 10. HP: 47/47 MP: 16/20
 11489 | D:7      | Reached *** piety under Uskayaw
 11897 | D:8      | Noticed Psyche
 11900 | D:8      | Killed Psyche
 11908 | D:8      | Noticed Joseph
 11922 | D:8      | Killed Joseph
 12418 | D:8      | Reached **** piety under Uskayaw
 12779 | D:8      | Reached XP level 11. HP: 24/51 MP: 9/21
 13651 | D:9      | Found a staircase to the Lair.
 14090 | D:9      | Found Karrusch's Assorted Antiques.
 14580 | D:10     | Entered Level 10 of the Dungeon
 14725 | D:9      | Learned a level 3 spell: Dazzling Spray
 14755 | D:9      | Annihilated by a large slime creature
 14756 | D:9      | Reached XP level 10. HP: -37/48 MP: 16/20
 14898 | D:10     | Found a roughly hewn altar of Beogh.
 14950 | D:10     | Reached ***** piety under Uskayaw
 15894 | D:10     | Found a staircase to the Orcish Mines.
 16210 | D:10     | Reached skill level 6 in Transmutations
 16210 | D:10     | Reached skill level 5 in Earth Magic
 16597 | Lair:1   | Entered Level 1 of the Lair of Beasts
 16655 | Lair:1   | Noticed an elephant
 16658 | Lair:1   | Noticed Keadol's ghost (journeyman DrCj)
 16805 | Lair:1   | Reached XP level 11. HP: 51/51 MP: 19/22
 16953 | Lair:1   | Found a frozen archway.
 17330 | Lair:1   | HP: 1/51 [white imp/puff of frost (10)]
 17816 | Lair:1   | Found a transporter.
 17819 | Lair:1   | Found a transporter.
 18196 | Lair:2   | Reached skill level 1 in Invocations
 18375 | Lair:2   | Found a glowing silver altar of Zin.
 18656 | Lair:2   | Identified a scroll of acquirement
 18657 | Lair:2   | Got an ancient sapphire amulet
 18658 | Lair:2   | Identified the amulet "Wyfret" {Spirit Str+8} (You acquired
                  | it on level 2 of the Lair of Beasts)
 19212 | Lair:3   | Noticed a five-headed hydra
 19223 | Lair:3   | Killed a five-headed hydra
 19223 | Lair:3   | Reached skill level 5 in Invocations
 20680 | Lair:3   | Gained mutation: Your thick and shaggy fur keeps you warm.
                  | (AC +3, rC+) [Felid growth]
 20680 | Lair:3   | Reached XP level 12. HP: 46/55 MP: 5/23
 20802 | Lair:3   | Noticed a seven-headed hydra
 21295 | Lair:2   | Reached skill level 7 in Transmutations
 22634 | Lair:3   | Killed a seven-headed hydra
 22819 | Lair:4   | Reached skill level 8 in Transmutations
 24116 | Lair:4   | Found a hole to the Spider Nest.
 25295 | Lair:4   | Reached skill level 9 in Transmutations
 25302 | Lair:4   | Found a staircase to the Swamp.
 25750 | Lair:5   | Found a runed translucent door.
 25750 | Lair:5   | Found a shimmering altar of Xom.
 25750 | Lair:5   | Noticed Iamsoldier's ghost (journeyman GrFi)
 25876 | Lair:5   | Reached XP level 13. HP: 56/58 MP: 15/26
 26308 | Lair:5   | Found a runed translucent door.
 26309 | Lair:5   | Found a viscous altar of Jiyva.
 26311 | Lair:5   | Found a staircase to the Slime Pits.
 26895 | Lair:6   | Entered Level 6 of the Lair of Beasts
 27131 | Lair:6   | Reached skill level 10 in Transmutations
 28311 | Lair:6   | Reached skill level 10 in Earth Magic
 29567 | D:10     | Paralysed by a hornet for 2 turns
 31648 | D:12     | Reached XP level 14. HP: 52/63 MP: 21/27
 31741 | D:12     | Reached skill level 11 in Transmutations
 31778 | D:12     | Found Amme's Distillery.
 32447 | D:13     | Noticed Urug
 33297 | D:13     | Noticed Erolcha
 33910 | D:13     | Killed Urug
 34072 | D:13     | Killed Erolcha
 35324 | D:14     | Reached skill level 12 in Transmutations
 35537 | D:14     | Reached skill level 10 in Spellcasting
 35648 | D:14     | Noticed Josephine
 35727 | D:14     | Killed Josephine
 35915 | D:14     | Found a glowing silver altar of Zin.
 35921 | D:14     | Found a runed translucent door.
 35921 | D:14     | Noticed a daeva
 36027 | D:14     | Noticed Kirke
 36191 | D:14     | Killed Kirke
 36396 | D:14     | Reached ****** piety under Uskayaw
 36730 | D:14     | Found a gate to the Vaults.
 36883 | D:15     | Entered Level 15 of the Dungeon
 37210 | D:15     | Reached XP level 15. HP: 52/66 MP: 2/30
 37384 | D:15     | Found a staircase to the Depths.
 37705 | D:15     | Found a glowing golden altar of the Shining One.
 38544 | Swamp:1  | Entered Level 1 of the Swamp
 38636 | Orc:1    | Entered Level 1 of the Orcish Mines
 38675 | Orc:1    | Found Ogecurph's Assorted Antiques.
 38686 | Orc:1    | Noticed Fannar
 38693 | Orc:1    | Reached skill level 13 in Transmutations
 38727 | Orc:1    | Killed Fannar
 38753 | Orc:1    | Bought a scroll of teleportation for 75 gold pieces
 38876 | Orc:1    | Found Qidgheuwu's Armour Shop.
 39374 | Orc:1    | Learned a level 3 spell: Regeneration
 39565 | Orc:2    | Entered Level 2 of the Orcish Mines
 39803 | Orc:2    | Found Ecemyam's Jewellery Shoppe.
 39804 | Orc:2    | Found Houbby's Jewellery Shoppe.
 39840 | Orc:1    | Mangled by a two-headed ogre
 39841 | Orc:1    | Reached XP level 14. HP: -8/81 MP: 0/30
 39939 | Orc:2    | Found a staircase to the Elven Halls.
 40424 | Orc:2    | Found Volecw's Antique Armour Shop.
 40439 | Orc:2    | Found Sosoemac's Distillery.
 40448 | Orc:2    | Bought a potion of berserk rage for 80 gold pieces
 40448 | Orc:2    | Bought a potion of brilliance for 64 gold pieces
 40448 | Orc:2    | Bought a potion of curing for 48 gold pieces
 40448 | Orc:2    | Bought a potion of invisibility for 128 gold pieces
 40448 | Orc:2    | Bought a potion of curing for 48 gold pieces
 40448 | Orc:2    | Bought a potion of resistance for 160 gold pieces
 40448 | Orc:2    | Bought a potion of agility for 64 gold pieces
 40448 | Orc:2    | Bought a potion of agility for 64 gold pieces
 41138 | Swamp:1  | Reached skill level 10 in Invocations
 41144 | Swamp:1  | Reached skill level 14 in Transmutations
 41453 | Swamp:1  | Reached XP level 15. HP: 66/66 MP: 32/32
 41964 | Orc:2    | Bought an uncursed amulet of faith for 600 gold pieces
 42423 | Swamp:2  | Slain by a shambling mangrove
 42424 | Swamp:2  | Reached XP level 14. HP: -2/81 MP: 28/31
 44501 | Swamp:3  | Noticed a thorn hunter
 44511 | Swamp:3  | HP: 4/84 [spriggan rider/+0 spear (14)]
 44511 | Swamp:3  | Killed from afar by a thorn hunter

Levels and vault maps discovered:
D:1:      onia_arrival_zoo_common, layout_rooms
D:2:      minmay_chambers_of_ones, layout_loops_corners, first_ration,
          uniq_robin
D:3:      layout_basic, elyvilon_altar_4, uniq_terence
D:4:      layout_basic, overflow_temple_1_default,
          nicolae_overflow_crystal_walls, serial_curves, eino_curves_03,
          eino_curves_02, minmay_cut_off, uniq_purgy, uniq_sigmund
D:5:      layout_loops_cross, basic_altar, gammafunk_ghost_icy, enter_ossuary_2
D:6:      minmay_general_purpose_star, layout_basic, makhleb_altar_promises_db,
          serial_shops, shop
D:7:      layout_basic, chequers_temple_overflow_statue_of_worship,
          minmay_temple_entry_crystal_x, serial_shops, nicolae_shop_waterfront
D:8:      layout_basic, grunt_livestock, uniq_psyche, uniq_joseph
D:9:      layout_loops_ring, erik_lair_orcish_takeover, serial_shops, shop
D:10:     layout_roguey, erik_orc_4, special_room [special_room_orc],
          serial_glass, glass_columns_a, glass_columns_a,
          wad_floor_pattern_untrapped, kennysheep_generic_room_15
D:11:     layout_big_octagon
D:12:     layout_roguey, serial_shops, shop, st_stairs_7, minivault_14
D:13:     layout_loops_corners, minivault_16, minmay_misc_feat_four_crosses,
          uniq_urug, uniq_erolcha
D:14:     layout_irregular_city, david_vaults_4, minmay_misc_feat_doors,
          serial_bayou, serial_bayou_lagoon_a, serial_bayou_lake_a,
          serial_bayou_pond_c, serial_bayou_crossing, lemuel_angel_altar,
          uniq_kirke, uniq_josephine
D:15:     hangedman_depths_entry_try_elsewhere_first, layout_rooms,
          minmay_fountain_box, tso_metal_star
Lair:1:   layout_gridlike, gammafunk_ghost_arena, portal_ice_cave_entry_imps,
          chequers_serial_rivers_micro_c, infiniplex_staircase_pool_2
Lair:2:   layout_regular_city, basic_altar, serial_bayou, serial_bayou_pond_d,
          serial_bayou_pond_d, serial_bayou_lagoon_b, serial_bayou_ford_a
Lair:3:   layout_roguey, lemuel_fruit_tree
Lair:4:   layout_cave_shapes, nicolae_swamp_entry_splash_gauntlet,
          spider_nest_entry_webs
Lair:5:   layout_gridlike, slime_altar_2, ebering_ghost_xom
Lair:6:   evilmike_catoblepas_cave, layout_hall_layers,
          chequers_serial_rivers_room_a, minivault_25
Swamp:1:  layout_falls_marsh, evilmike_swamp_ruin_house_2
Swamp:2:  layout_basic_swamp, evilmike_swamp_ruin_rubble_1
Swamp:3:  cheibrodos_swamp_heart_of_darkness, layout_basic_swamp,
          infiniplex_staircase_pool
Orc:1:    layout_diamond_mine, serial_shops, nicolae_shop_behind_doors,
          nicolae_shop_overgrown_old_shop, nooodl_orcs_dogs, uniq_fannar
Orc:2:    st_orc_open, layout_diamond_mine, roderic_batcave,
          nicolae_orc_sculptors_studio

Skill      XL: |  1  2  3  4  5  6  7  8  9 10 11 12 13 14 15 |
---------------+----------------------------------------------+-----
Fighting       | 1 2 3 4 7 8 9 |  9.8
Dodging        | 3 4 5 6 10 12 13 | 13.7
Unarmed Combat | 2 3 6 8 |  8.2
Stealth        | 5 6 7 8 |  8.0
Hexes          | 8 |  8.4
Spellcasting   | 4 6 7 8 12 11 | 12.0
Transmutations | 5 6 9 10 14 13 | 14.0
Earth Magic    | 4 5 7 10 12 | 12.0
Invocations    | 8 10 9 | 10.0

Action                   |  1- 3 |  4- 6 |  7- 9 | 10-12 | 13-15 || total
-------------------------+-------+-------+-------+-------+-------++-------
Melee: Unarmed           |   183 |   372 |   259 |   823 |  1487 ||  3124
       Bite              |     8 |    25 |    17 |    74 |   186 ||   310
       Punch             |       |     3 |     6 |    31 |    65 ||   105
 Cast: Corona            |     9 |     1 |       |       |       ||    10
       Ensorcelled Hiber |    10 |    29 |    53 |   201 |    95 ||   388
       Confuse           |       |    13 |    17 |    87 |   170 ||   287
       Dazzling Spray    |       |       |       |    29 |     9 ||    38
       Statue Form       |       |       |       |       |    55 ||    55
       Regeneration      |       |       |       |       |     2 ||     2
Invok: Grand Finale      |       |       |       |       |     2 ||     2
       Stomp             |       |       |       |       |     1 ||     1
Evoke: Wand              |       |       |       |    19 |    24 ||    43
  Use: Scroll            |     3 |    10 |     7 |    16 |     7 ||    43
       Potion            |       |     5 |     2 |     7 |    10 ||    24
 Stab: Sleeping          |    17 |    28 |    42 |   125 |    69 ||   281
       Distracted        |     1 |       |     3 |    12 |     2 ||    18
       Confused          |       |    12 |    13 |    46 |    71 ||   142
       Paralysed         |       |       |       |    26 |    88 ||   114
       Invisible         |       |       |       |     6 |     3 ||     9
  Eat: Chunk             |    12 |     8 |    18 |    36 |    48 ||   122
       Ration            |       |       |       |       |     3 ||     3
Armor: Skin              |    14 |    41 |    11 |    22 |   306 ||   394
Dodge: Dodged            |   143 |   268 |   196 |   933 |  2459 ||  3999
